 Dungeon Crawl Stone Soup version 0.29.1-1-gd02db6906a (webtiles) character file.

Game seed: 4631348898282046196

2898 LustLizard the Slasher (level 9, -2/71 HPs)
             Began as a Demonspawn Fighter on Oct 4, 2022.
             Slain by a sixfirhy (4 damage)
             ... summoned by a kobold demonologist
             ... on level 6 of the Dungeon.
             The game lasted 00:13:25 (7337 turns).

LustLizard the Slasher (Demonspawn Fighter)         Turns: 7337, Time: 00:13:26

Health: -2/71      AC: 10    Str: 17      XL:     9   Next: 49%
Magic:  9/9        EV:  6    Int: 10      God:
Gold:   305        SH:  5    Dex: 14 (16) Spells: 8/8 levels left

rFire   . . .      SeeInvis +   a - +1 long sword
rCold   . . .      Faith    .   c - +0 buckler
rNeg    . . .      Spirit   .   d - +0 chain mail
rPois   .          Reflect  .   q - +0 helmet
rElec   .          Harm     .   (no cloak)
rCorr   .          Rampage  .   (no gloves)
Will    .....                   (no boots)
Stlth   ..........              (no amulet)
HPRegen 0.21/turn               u - ring of see invisible
MPRegen 0.11/turn               (no ring)

@: corroded, studying Maces & Flails
A: yellow scales 2, demonic guardian 1, weakness stinger 2
a: no special abilities


You were on level 6 of the Dungeon.
You visited 2 branches of the dungeon, and saw 7 of its levels.
You also visited: Ossuary.

You collected 305 gold pieces.

Inventory:

Hand Weapons
 a - a +1 long sword (weapon)
Missiles
 x - a throwing net
Armour
 b - a +0 scale mail
 c - a +0 buckler (worn)
 d - a +0 chain mail (worn)
 q - a +0 helmet (worn)
Jewellery
 p - an amulet of faith
 u - a ring of see invisible (left hand)
Wands
 m - a wand of flame (41) (quivered)
Scrolls
 g - a scroll of poison
 h - a scroll of fog {unknown}
 i - 2 scrolls of enchant weapon
 l - a scroll of teleportation
 n - 2 scrolls of torment
 r - 2 scrolls of immolation {unknown}
 s - a scroll of magic mapping
 w - a scroll of enchant armour {unknown}
 y - a scroll of identify
Potions
 e - a potion of mutation
 f - 2 potions of attraction
 j - 2 potions of berserk rage
 k - 2 potions of curing
 o - a potion of lignification
 t - a potion of heal wounds
 v - a potion of ambrosia


   Skills:
 + Level 6.6 Fighting
 * Level 7.9 Long Blades
 - Level 6.0 Armour
 - Level 6.0 Shields


You had 8 spell levels left.
You didn't know any spells.
Your spell library contained the following spells:

 Spells                   Type           Power      Damage    Failure   Level
 Summon Guardian Golem    Hex/Summ       0%         N/A       100%        3
 Orb of Destruction       Conj           0%         9d5       100%        7
 Spellforged Servitor     Conj/Summ      0%         N/A       100%        7


Dungeon Overview and Level Annotations

Branches:
Dungeon (6/15)             Temple (1/1) D:4         Ossuary (visited)

Altars:
Ashenzari
Cheibriados
Dithmenos
Fedhas
Gozag
Hepliaklqana
Kikubaaqudgha
Makhleb
Nemelex Xobeh
Qazlal
Ru
Sif Muna
Trog
Uskayaw
Vehumet
Wu Jian
Yredelemnul

Annotations:
D:3 1 runed translucent door
D:6 exclusion: upstairs


Innate Abilities, Weirdness & Mutations

You are mostly covered in yellow scales. (AC +3)
A weak demonic guardian rushes to your aid.
You have a tail ending in a sharp stinger.


Message History

The kobold demonologist is severely wounded.
The sixfirhy hits you but does no damage. x2
The sixfirhy hits you. The sixfirhy shocks you!
The quasit bites you but does no damage.
You block the quasit's attack. The quasit claws you.
You block the ufetubus's attack.
The ufetubus hits you but does no damage.
The quasit completely misses you.
The quasit claws you but does no damage. x2
The rust devil hits you. The rust devil corrodes you!
The kobold demonologist miscasts a cantrip.
You slash the kobold demonologist! You tail-slap the kobold demonologist.
The kobold demonologist is almost dead.
The ufetubus hits you. The ufetubus barely misses you.
You block the quasit's attack.
The quasit claws you but does no damage. x2
You block the ufetubus's attack.
The ufetubus hits you but does no damage.
The rust devil barely misses you.
The kobold demonologist looks braver for a moment.
You closely miss the kobold demonologist.
The kobold demonologist is almost dead.
The quasit bites you but does no damage.
The quasit claws you but does no damage.
The quasit barely misses you. The ufetubus hits you.
* * * LOW HITPOINT WARNING * * *
The ufetubus hits you.
* * * LOW HITPOINT WARNING * * *
The rust devil hits you. The rust devil corrodes you!
The kobold demonologist casts a spell.
Aiming: Throw Flame
Press: ? - help, Q - select action, (/) - cycle Shift-Dir - straight line, f - kobold demonologist
Aim: a kobold demonologist, wielding a +0 hand axe and wearing a +0 robe (almost dead, 56% to hit)
The puff of flame misses the kobold demonologist.
The sixfirhy hits you!
* * * LOW HITPOINT WARNING * * *
A demonic guardian appears!
The sixfirhy shocks you!
* * * LOW HITPOINT WARNING * * *
The sixfirhy hits you.
You die...

####
#..##### #
##.5...# #
#####.##
#..##
##..#######
##.......#
##......#
#.554..#
#.K@3.## #
#.##35# #
#.#...# #
#.....# #
###.#>..# #
..##### #
#### # #


You could see a rust devil (summoned), a kobold demonologist, a sixfirhy
(summoned), a neqoxec (summoned, ally target), a quasit (summoned), an ufetubus
(summoned) and a friendly iron imp (summoned).

Vanquished Creatures
  Sigmund (D:3)
  A steam dragon (D:5)
  A water moccasin (D:6)
  Duvessa (D:4)
  A black bear (D:5)
  The ghost of miserystealer the Poker, an amateur MfAK of Lugonu (D:3)
  3 centaurs
  A bullfrog (D:6)
  A scorpion (D:5)
  3 elf skeletons (D:4)
  4 wights
  Dowan (D:4)
  A howler monkey (D:4)
  3 human zombies
  3 hounds
  A human skeleton (D:4)
  Ijyb (D:4)
  2 iguanas
  An orc wizard (D:4)
  4 hound zombies (Ossuary)
  3 mummies (Ossuary)
  Robin (D:4)
  6 adders
  3 ufetubi
  7 adder zombies (Ossuary)
  3 worms
  3 dart slugs
  7 orcs (D:5)
  5 endoplasms
  7 giant cockroaches
  A gnoll zombie (Ossuary)
  10 goblins
  9 hobgoblins
  3 jackals (D:5)
  5 kobolds
  6 quokkas
  4 ball pythons
  6 bats
  5 frilled lizards
  2 goblin zombies (Ossuary)
  3 hobgoblin zombies (Ossuary)
  3 jackal zombies (Ossuary)
  4 kobold zombies (Ossuary)
  An orc skeleton (D:4)
  An orc zombie (Ossuary)
  9 rats
  6 rat zombies (Ossuary)
158 creatures vanquished.

Vanquished Creatures (collateral kills)
  A two-headed ogre (D:5)
  Grinder (D:5)
  A jelly (D:4)
  A hobgoblin (D:4)
  A jackal zombie (Ossuary)
5 creatures vanquished.

Vanquished Creatures (others)
  A ball python (D:4)
1 creature vanquished.

Grand Total: 164 creatures vanquished

Notes
Turn   | Place    | Note
-------+----------+-------------------------------------------
     0 | D:1      | LustLizard the Demonspawn Fighter began the quest for the
                  | Orb.
     0 | D:1      | Reached XP level 1. HP: 18/18 MP: 1/1
   144 | D:1      | Reached skill level 2 in Long Blades
   475 | D:1      | Gained mutation: You have a small tail. [demonic ancestry]
   475 | D:1      | Reached XP level 2. HP: 24/24 MP: 2/2
  1346 | D:2      | Reached XP level 3. HP: 25/29 MP: 3/3
  2074 | D:3      | Found a runed translucent door.
  2099 | D:3      | Reached XP level 4. HP: 29/35 MP: 4/4
  2225 | D:3      | Found a runed translucent door.
  2226 | D:3      | Noticed miserystealer's ghost (amateur MfAK)
  2232 | D:3      | Noticed Sigmund
  2242 | D:3      | Killed Sigmund
  2243 | D:3      | Reached skill level 3 in Long Blades
  2243 | D:3      | Gained mutation: You are partially covered in yellow
                  | scales. (AC +2) [demonic ancestry]
  2243 | D:3      | Reached XP level 5. HP: 22/42 MP: 5/5
  2389 | D:3      | Found a faded altar of an unknown god.
  2870 | D:4      | Gained mutation: A weak demonic guardian rushes to your
                  | aid. [demonic ancestry]
  2870 | D:4      | Reached XP level 6. HP: 48/48 MP: 6/6
  2907 | D:4      | Reached skill level 4 in Long Blades
  2937 | D:4      | Found a sand-covered staircase.
  3034 | Ossuary  | Entered an ossuary
  3074 | Ossuary  | Reached XP level 7. HP: 54/55 MP: 7/7
  3496 | Ossuary  | Reached skill level 5 in Long Blades
  3773 | D:4      | Noticed Duvessa
  3773 | D:4      | Noticed Dowan
  3803 | D:4      | Killed Duvessa
  3806 | D:4      | Killed Dowan
  4104 | D:4      | Reached skill level 5 in Fighting
  4290 | D:4      | Found a staircase to the Ecumenical Temple.
  4298 | D:4      | Noticed Ijyb
  4313 | D:4      | HP: 1/56 [centaur/arrow (6)]
  4332 | D:4      | Killed Ijyb
  4333 | D:4      | Gained mutation: You are mostly covered in yellow scales.
                  | (AC +3) [demonic ancestry]
  4333 | D:4      | Reached XP level 8. HP: 3/62 MP: 8/8
  4519 | D:4      | Noticed Robin
  4601 | D:4      | Killed Robin
  4879 | Temple   | Entered the Ecumenical Temple
  5327 | D:5      | Entered Level 5 of the Dungeon
  5343 | D:5      | Found an ornate altar of the Wu Jian Council.
  5410 | D:5      | Reached skill level 6 in Long Blades
  5562 | D:5      | Reached skill level 5 in Armour
  5583 | D:5      | Noticed Grinder
  5599 | D:4      | Reached skill level 5 in Shields
  6206 | D:5      | Noticed a two-headed ogre
  6215 | D:5      | Killed a two-headed ogre
  6216 | D:5      | Reached skill level 7 in Long Blades
  6216 | D:5      | Gained mutation: You have a tail ending in a sharp stinger.
                  | [demonic ancestry]
  6216 | D:5      | Reached XP level 9. HP: 36/69 MP: 9/9
  6383 | D:3      | Killed miserystealer's ghost
  6518 | D:5      | Paralysed by Grinder for 5 turns
  6524 | D:5      | Killed Grinder
  6785 | D:5      | Found a shimmering blue altar of Sif Muna.
  6810 | D:6      | Noticed a kobold demonologist
  7331 | D:6      | Noticed a sixfirhy
  7333 | D:6      | Noticed a rust devil
  7337 | D:6      | HP: 2/71 [sixfirhy[a kobold demonologist] (9)]
  7337 | D:6      | Slain by a sixfirhy

Illustrated notes

Levels and vault maps discovered:
D:1:      minmay_arrival_radiant_lines, layout_basic, corexii_hall_statues_i,
          nicolae_kite_square_tiling_tiny, palyth_stone_intersect,
          chequers_decorated_corner, nrook_loot_triangle,
          wad_floor_pattern_untrapped, chequers_serial_rivers_small_3,
          minivault_11
D:2:      layout_loops_ring
D:3:      layout_basic, tso_oasis_becter, ebering_ghost_sewer_f,
          chequers_ecumenical_altar_twisty, grunt_decor_cap, uniq_sigmund
D:4:      layout_loops_cross, temple_fountains, nicolae_ossuary_entry_catacombs,
          minmay_manual_moon, uniq_ijyb, uniq_robin, uniq_duvessa
D:5:      layout_rooms, nicolae_sif_muna_little_library,
          nicolae_wu_jian_wuxing_cycle, uniq_grinder
D:6:      layout_basic
Temple:   bh_familiar_temple

Skill      XL: |  1  2  3  4  5  6  7  8  9 |
---------------+----------------------------+-----
Long Blades    | 2 3 4 5 7 |  7.9
Shields        | 3 4 5 6 |  6.0
Armour         | 3 4 5 6 |  6.0
Fighting       | 4 5 6 |  6.6

Action                   |  1- 3 |  4- 6 |  7- 9 || total
-------------------------+-------+-------+-------++-------
Melee: Long sword        |   111 |   123 |   426 ||   660
       Tailslap          |     4 |    10 |    69 ||    83
Evoke: Wand              |       |       |    10 ||    10
  Use: Scroll            |     2 |     3 |     7 ||    12
       Potion            |       |     1 |     4 ||     5
Armor: Scale mail        |    53 |    58 |   172 ||   283
       Chain mail        |       |       |    98 ||    98
Dodge: Dodged            |    38 |    46 |   191 ||   275
Block: Buckler           |    17 |    26 |   124 ||   167
